 Dungeon Crawl Stone Soup version 0.26-a0-812-g31a745ddcd (webtiles) character file.

Game seed: 6659740929375652505

2468 vurker the Sneak (level 9, -1/66 HPs)
             Began as a Gnoll Enchanter on Nov 28, 2020.
             Was a Follower of Cheibriados.
             Slain by a water moccasin zombie (6 damage)
             ... on level 7 of the Dungeon.
             The game lasted 00:13:12 (11086 turns).

vurker the Sneak (Gnoll Enchanter)                 Turns: 11086, Time: 00:13:12

Health: -1/66      AC: 18    Str: 12    XL:     9   Next: 51%
Magic:  19/19      EV: 12    Int: 24    God:    Cheibriados [*.....]
Gold:   309        SH:  0    Dex: 17    Spells: 20/21 levels left

rFire    . . .     SeeInvis .   a - +0 flail (venom)
rCold    . . .     Faith    .   (no shield)
rNeg     . . .     Spirit   .   D - +2 scale mail {MR+}
rPois    +         Reflect  .   v - +0 helmet
rElec    .         Harm     .   (no cloak)
rCorr    .         Rampage  .   c - +2 pair of gloves
MR       +....                  r - +0 pair of boots
Stlth    ++........             (no amulet)
HPRegen  0.21/turn              f - +4 ring of protection
MPRegen  0.16/turn              A - ring of poison resistance

@: very slow
A: distributed training, fangs 1, strong nose
a: Bend Time, Renounce Religion


You were on level 7 of the Dungeon.
You worshipped Cheibriados.
Cheibriados was aware of your devotion.
You visited 2 branches of the dungeon, and saw 8 of its levels.
You also visited: Sewer.

You collected 309 gold pieces.

Inventory:

Hand Weapons
 a - a +0 flail of venom (weapon)
   (You took it off a gnoll on level 4 of the Dungeon)
 b - a +2 flail of protection
   (You took it off a gnoll on level 4 of the Dungeon)
Missiles
 B - a throwing net (quivered)
Armour
 c - a +2 pair of gloves (worn)
   (You found it on level 1 of the Dungeon)
 r - a +0 pair of boots (worn)
   (You found it on level 6 of the Dungeon)
 v - a +0 helmet (worn)
   (You found it on level 5 of the Dungeon)
 y - a +2 ring mail of fire resistance
   (You found it on level 5 of the Dungeon)
 D - a +2 scale mail of magic resistance (worn)
   (You took it off Edmund on level 6 of the Dungeon)
Jewellery
 f - a +4 ring of protection (left hand)
   (You found it on level 1 of the Dungeon)
 A - a ring of poison resistance (right hand)
   (You found it on level 5 of the Dungeon)
Wands
 d - a wand of iceblast (6)
   (You found it on level 5 of the Dungeon)
 z - a wand of polymorph (10)
   (You found it on level 5 of the Dungeon)
Scrolls
 e - 3 scrolls of remove curse
 i - a scroll of immolation {unknown}
 l - a scroll of noise {unknown}
 m - a scroll of random uselessness {unknown}
 n - 2 scrolls of enchant weapon {unknown}
 o - 2 scrolls of magic mapping {unknown}
 u - 2 scrolls of amnesia {unknown}
 x - 2 scrolls of identify
 C - a scroll of fear {unknown}
 E - a scroll of fog {unknown}
Potions
 g - a potion of brilliance {unknown}
 h - 4 potions of lignification {unknown}
 j - a potion of magic {unknown}
 k - 4 potions of curing
 p - a potion of heal wounds {unknown}
 q - a potion of resistance {unknown}
 s - 5 potions of flight
 t - 2 potions of mutation {unknown}
 w - 2 potions of might


   Skills:
 + Level 4.3 Fighting
 + Level 5.1 Short Blades
 + Level 4.3 Long Blades
 + Level 4.3 Axes
 + Level 4.3 Maces & Flails
 + Level 4.3 Polearms
 + Level 4.3 Staves
 + Level 4.3 Slings
 + Level 4.3 Bows
 + Level 4.3 Crossbows
 + Level 4.3 Throwing
 + Level 4.3 Armour
 + Level 6.3 Dodging
 + Level 7.4 Stealth
 + Level 4.3 Shields
 + Level 4.3 Unarmed Combat
 + Level 6.7 Spellcasting
 + Level 3.5 Conjurations
 + Level 6.6 Hexes
 + Level 3.5 Summonings
 + Level 3.5 Necromancy
 + Level 3.5 Translocations
 + Level 3.5 Transmutations
 + Level 3.5 Fire Magic
 + Level 3.5 Ice Magic
 + Level 3.5 Air Magic
 + Level 3.5 Earth Magic
 + Level 3.5 Poison Magic
 + Level 4.7 Invocations
 + Level 4.3 Evocations


You had 20 spell levels left.
You knew the following spells:

 Your Spells              Type           Power        Failure   Level
a - Corona                Hex            #####..      2%          1

Your spell library contained the following spells:

 Spells                   Type           Power        Failure   Level
 Ensorcelled Hibernation  Hex/Ice        ####..       6%          2
 Confusing Touch          Hex            #####...     7%          3
 Tukima's Dance           Hex            #####...     7%          3
 Dazzling Flash           Conj/Hex       ####..       13%         3


Dungeon Overview and Level Annotations

Branches:
Dungeon (7/15)             Temple (1/1) D:6           Sewer (visited)

Altars:
Ashenzari
Cheibriados
Dithmenos
Elyvilon
Gozag
Hepliaklqana
Makhleb
Nemelex Xobeh
Qazlal
Sif Muna
Uskayaw
Yredelemnul
Zin

Shops:
D:3 *


Innate Abilities, Weirdness & Mutations

Your experience applies equally to all skills.
You have very sharp teeth.
Your uncanny sense of smell can sniff out nearby items.


Message History

You sock the water moccasin zombie!
The water moccasin zombie bites you but does no damage.
The iguana bites you but does no damage.
The water moccasin zombie bites you but does no damage.
You hit the water moccasin zombie but do no damage.
The iguana barely misses you. The water moccasin zombie misses you.
You closely miss the water moccasin zombie.
Your bite misses the water moccasin zombie.
The water moccasin zombie bites you. The iguana barely misses you.
The water moccasin zombie completely misses you.
You barely miss the water moccasin zombie.
The iguana misses you. The water moccasin zombie bites you.
The iguana bites you but does no damage.
You hit the water moccasin zombie.
The water moccasin zombie barely misses you.
The iguana bites you!
* * * LOW HITPOINT WARNING * * *
The water moccasin zombie misses you.
You barely miss the water moccasin zombie.
The iguana bites you.
* * * LOW HITPOINT WARNING * * *
The water moccasin zombie closely misses you.
You closely miss the iguana.
The water moccasin zombie barely misses you.
The iguana bites you but does no damage.
You hit the iguana but do no damage.
The iguana is poisoned.
You bite the iguana, but do no damage.
The water moccasin zombie barely misses you.
The iguana bites you but does no damage.
The water moccasin zombie bites you.
* * * LOW HITPOINT WARNING * * *
You hit the iguana. The iguana bites you.
* * * LOW HITPOINT WARNING * * *
The water moccasin zombie closely misses you.
The iguana bites you but does no damage.
You closely miss the iguana. You bite the iguana.
The water moccasin zombie barely misses you.
The water moccasin zombie bites you but does no damage.
The iguana bites you!
* * * LOW HITPOINT WARNING * * *
You barely miss the iguana.
The water moccasin zombie bites you but does no damage.
The iguana bites you!
* * * LOW HITPOINT WARNING * * *
You hit the iguana but do no damage.
The iguana looks as sick as possible!
You kill the iguana!
Cheibriados appreciates the change of pace.
The water moccasin zombie bites you but does no damage.
The water moccasin zombie bites you.
You die...

?.......>.?.........
#..............#...
#.).5Z...$.....##?.
##.##.#.........
#[##[#.###..#...
#......###..#...
###.....#........
#......Z...#.#..
#.##.##@...# .. ...
#.##........ #.#
#.##[.....$. ##
#..........#
............
............
.........#
>.....###+#


You could see a water moccasin zombie.

Vanquished Creatures
  Grinder (D:4)
  Sigmund (D:4)
  Edmund (D:6)
  Menkaure (D:6)
  2 ice beasts
  An ogre (D:4)
  A phantom (D:4)
  A wolf (D:5)
  A big kobold (Sewer)
  A gnoll sergeant (D:5)
  3 killer bees
  2 howler monkeys (D:4)
  9 hounds
  2 orc priests
  3 iguanas
  2 orc wizards
  7 worker ants
  A hound skeleton (D:5)
  19 gnolls
  4 adders
  2 shadow imps (D:6)
  3 white imps
  4 ufetubi
  An adder skeleton (D:6)
  An adder zombie (D:5)
  4 worms
  A dart slug (D:1)
  2 leopard geckos
  10 orcs
  8 giant cockroaches
  6 goblins
  9 hobgoblins
  30 jackals
  14 kobolds
  2 quokkas
  A ball python (D:5)
  9 bats
  4 frilled lizards
  A giant cockroach zombie (D:6)
  A jackal zombie (D:5)
  A quokka skeleton (D:7)
  13 rats
190 creatures vanquished.

Notes
Turn   | Place    | Note
-------+----------+-------------------------------------------
     0 | D:1      | vurker the Gnoll Enchanter began the quest for the Orb.
     0 | D:1      | Reached XP level 1. HP: 13/13 MP: 6/6
    19 | D:1      | Noticed an electric eel
   104 | D:1      | Reached XP level 2. HP: 7/19 MP: 7/7
   760 | D:1      | Reached XP level 3. HP: 20/25 MP: 9/9
   840 | D:1      | Reached skill level 5 in Spellcasting
   955 | D:1      | Reached skill level 6 in Stealth
  1071 | D:1      | Reached skill level 1 in Invocations
  1401 | D:2      | Reached skill level 1 in Fighting
  1401 | D:2      | Reached skill level 1 in Long Blades
  1401 | D:2      | Reached skill level 1 in Axes
  1401 | D:2      | Reached skill level 1 in Maces & Flails
  1401 | D:2      | Reached skill level 1 in Polearms
  1401 | D:2      | Reached skill level 1 in Staves
  1401 | D:2      | Reached skill level 1 in Slings
  1401 | D:2      | Reached skill level 1 in Bows
  1401 | D:2      | Reached skill level 1 in Crossbows
  1401 | D:2      | Reached skill level 1 in Throwing
  1401 | D:2      | Reached skill level 1 in Armour
  1401 | D:2      | Reached skill level 1 in Shields
  1401 | D:2      | Reached skill level 1 in Unarmed Combat
  1401 | D:2      | Reached skill level 1 in Evocations
  1485 | D:2      | Reached XP level 4. HP: 32/32 MP: 11/11
  1504 | D:2      | Reached skill level 1 in Conjurations
  1504 | D:2      | Reached skill level 1 in Summonings
  1504 | D:2      | Reached skill level 1 in Necromancy
  1504 | D:2      | Reached skill level 1 in Translocations
  1504 | D:2      | Reached skill level 1 in Transmutations
  1504 | D:2      | Reached skill level 1 in Fire Magic
  1504 | D:2      | Reached skill level 1 in Ice Magic
  1504 | D:2      | Reached skill level 1 in Air Magic
  1504 | D:2      | Reached skill level 1 in Earth Magic
  1504 | D:2      | Reached skill level 1 in Poison Magic
  2166 | D:3      | Found an opulent altar of Gozag.
  2173 | D:3      | Found Gozag's Platinum Reserve.
  2196 | D:3      | Found a sparkling altar of Nemelex Xobeh.
  2219 | D:3      | Reached XP level 5. HP: 37/37 MP: 12/12
  3478 | D:4      | Noticed a phantom
  3907 | D:4      | Noticed an ogre
  4043 | D:4      | Reached XP level 6. HP: 44/44 MP: 13/13
  4047 | D:4      | Found a glowing drain.
  4052 | Sewer    | Entered a sewer
  4220 | Sewer    | Reached skill level 5 in Dodging
  4363 | Sewer    | Found a white marble altar of Elyvilon.
  4730 | D:4      | Reached XP level 7. HP: 14/50 MP: 15/15
  5814 | D:4      | Noticed Sigmund
  5949 | D:4      | Killed Sigmund
  6047 | D:4      | Reached XP level 8. HP: 20/58 MP: 16/16
  6425 | D:5      | Entered Level 5 of the Dungeon
  6586 | D:5      | Found a hide-covered altar of Uskayaw.
  6618 | D:5      | Noticed Grinder
  6868 | D:4      | Killed Grinder
  7881 | D:4      | Reached skill level 7 in Stealth
  7923 | D:4      | HP: 2/58 [poisoned by a gnoll]
  8901 | D:5      | Reached XP level 9. HP: 57/65 MP: 18/18
  8949 | D:5      | Got a crude robe
  9274 | D:6      | Noticed Menkaure
  9682 | D:6      | Killed Menkaure
  9697 | D:6      | Noticed Edmund
  9736 | D:6      | Killed Edmund
  9851 | D:6      | Found a staircase to the Ecumenical Temple.
  9863 | Temple   | Entered the Ecumenical Temple
  9895 | Temple   | Became a worshipper of Cheibriados the Contemplative
  9935 | D:6      | Found a basalt altar of Yredelemnul.
 10287 | D:6      | Found a basalt altar of Yredelemnul.
 10587 | D:7      | Reached skill level 5 in Short Blades
 11030 | D:6      | Reached * piety under Cheibriados
 11086 | D:7      | Slain by a water moccasin zombie

Illustrated notes

Levels and vault maps discovered:
D:1:      arrival_aquarium_a, layout_basic, minmay_misc_feat_alley
D:2:      layout_loops_ring
D:3:      layout_loops_ring, overflow_temple_1_default,
          nicolae_gozag_zags_fifth_avenue
D:4:      layout_basic, portal_sewer_entry_e, uniq_sigmund
D:5:      layout_cave_pools, overflow_temple_1_default, serial_gnoll_camp,
          gnoll_camp_mini_sergeant, gnoll_camp_mini_doghouse,
          gnoll_camp_mini_doghouse, gnoll_camp_mini_doghouse,
          gnoll_camp_mini_loothouse, uniq_grinder
D:6:      layout_rooms, lemuel_round_altar, temple_green, basic_altar,
          uniq_edmund, uniq_menkaure
D:7:      layout_rooms, marbit_many_paths, kennysheep_little_box,
          lightli_orcish_oven, uniq_crazy_yiuf_cottage
Temple:   jpeg_temple_island

Skill      XL: |  1  2  3  4  5  6  7  8  9 |
---------------+----------------------------+-----
Spellcasting   | 5 6 |  6.7
Stealth        | 6 7 |  7.4
Invocations    | 1 2 3 4 |  4.7
Fighting       | 1 2 3 4 |  4.3
Long Blades    | 1 2 3 4 |  4.3
Axes           | 1 2 3 4 |  4.3
Maces & Flails | 1 2 3 4 |  4.3
Polearms       | 1 2 3 4 |  4.3
Staves         | 1 2 3 4 |  4.3
Slings         | 1 2 3 4 |  4.3
Bows           | 1 2 3 4 |  4.3
Crossbows      | 1 2 3 4 |  4.3
Throwing       | 1 2 3 4 |  4.3
Armour         | 1 2 3 4 |  4.3
Shields        | 1 2 3 4 |  4.3
Unarmed Combat | 1 2 3 4 |  4.3
Evocations     | 1 2 3 4 |  4.3
Conjurations   | 1 2 3 |  3.5
Summonings     | 1 2 3 |  3.5
Necromancy     | 1 2 3 |  3.5
Translocations | 1 2 3 |  3.5
Transmutations | 1 2 3 |  3.5
Fire Magic     | 1 2 3 |  3.5
Ice Magic      | 1 2 3 |  3.5
Air Magic      | 1 2 3 |  3.5
Earth Magic    | 1 2 3 |  3.5
Poison Magic   | 1 2 3 |  3.5
Short Blades   | 3 4 5 |  5.1
Dodging        | 5 6 |  6.3
Hexes          | 6 |  6.6

Action                   |  1- 3 |  4- 6 |  7- 9 || total
-------------------------+-------+-------+-------++-------
Melee: Dagger            |   202 |   550 |   539 ||  1291
       Bite              |    22 |    45 |    95 ||   162
       Punch             |       |     4 |    16 ||    20
       Flail             |       |       |   280 ||   280
  Use: Scroll            |       |       |     4 ||     4
       Potion            |       |       |     3 ||     3
 Stab: Sleeping          |     7 |    10 |     5 ||    22
Armor: Robe              |    53 |    77 |       ||   130
       Ring mail         |       |   120 |   385 ||   505
       Scale mail        |       |       |   139 ||   139
Dodge: Dodged            |   167 |   377 |   680 ||  1224

Table legend: (Time is in decaauts)
 A = Elapsed time spent in this place.
 B = Non-inter-level travel time spent in this place.
 C = Inter-level travel time spent in this place.
 D = Time resting spent in this place.
 E = Time spent auto-exploring this place.
 F = Levels seen in this place.
 G = Mean time per level.
                   A        B        C        D        E       F      G
               +--------+--------+--------+--------+--------+-----+--------+
         Total |  11093 |  10783 |    310 |   1996 |   6129 |   9 | 1232.6 |
       Dungeon |  10666 |  10389 |    277 |   1996 |   5890 |   7 | 1523.7 |
        Temple |     66 |     33 |     33 |      0 |     27 |   1 |   66.0 |
         Sewer |    360 |    360 |      0 |      0 |    211 |   1 |  360.0 |
               +--------+--------+--------+--------+--------+-----+--------+

Top non-repeatable levels by time:
     D:4: 3644 daAuts
     D:5: 1851 daAuts
     D:3: 1528 daAuts
     D:6: 1381 daAuts
     D:1: 1266 daAuts
     D:2: 864 daAuts
   Sewer: 360 daAuts
     D:7: 128 daAuts
  Temple: 66 daAuts
